 Dungeon Crawl Stone Soup version 0.26.1-11-gd32895ea62 (webtiles) character file.

Game seed: 5951394220288849332

11466 Almogavar the Cleaver (level 11, -7/90 HPs)
             Began as a Hill Orc Fighter on May 18, 2021.
             Was an Elder of Nemelex Xobeh.
             Killed from afar by an orc sorcerer (35 damage)
             ... with a bolt of fire
             ... led by an orc warlord
             ... on level 2 of the Orcish Mines.
             The game lasted 00:33:18 (13609 turns).

Almogavar the Cleaver (Hill Orc Fighter)           Turns: 13609, Time: 00:33:18

Health: -7/90      AC: 21    Str: 18    XL:     11   Next: 78%
Magic:  12/12      EV:  5    Int: 11    God:    Nemelex Xobeh [****..]
Gold:   1253       SH: 11    Dex: 10    Spells: 10/11 levels left

rFire    . . .     SeeInvis .   a - +2 war axe (flame)
rCold    . . .     Faith    .   c - +0 kite shield
rNeg     . . .     Spirit   .   y - +4 plate armour of Makhleb's Hope {+Fly rElec Str-5 Int+3}
rPois    +         Reflect  .   (no helmet)
rElec    +         Harm     .   (no cloak)
rCorr    .         Rampage  .   J - +0 pair of gloves (curse)
Will     .....                  k - +0 pair of boots
Stlth    ..........             (no amulet)
HPRegen  0.25/turn              t - ring of flight
MPRegen  0.13/turn              B - ring of poison resistance

@: no status effects
A: frail 1
a: Renounce Religion, Evoke Flight, Draw Escape, Draw Destruction, Draw
Summoning, Triple Draw, Deal Four


You were on level 2 of the Orcish Mines.
You worshipped Nemelex Xobeh.
Nemelex Xobeh was greatly pleased with you.
You visited 3 branches of the dungeon, and saw 13 of its levels.

You collected 1292 gold pieces.
You spent 39 gold pieces at shops.

Inventory:

Hand Weapons
 a - a +2 war axe of flaming (weapon)
Missiles
 n - 5 large rocks
Armour
 c - a +0 kite shield (worn)
 k - a +0 pair of boots (worn)
 y - the +4 plate armour of Makhleb's Hope (worn) {+Fly rElec Str-5 Int+3}
   (You found it on level 4 of the Dungeon)

   It affects your strength (-5).
   It affects your intelligence (+3).
   It insulates you from electricity.
   It lets you fly.
 z - a +2 buckler
 J - a cursed +0 pair of gloves (worn)
Magical Staves
 G - an uncursed staff of conjuration
Jewellery
 t - a ring of flight (left hand)
 B - a ring of poison resistance (right hand)
Wands
 b - a wand of enslavement (11)
 h - a wand of random effects (38)
 i - a wand of paralysis (13)
 l - a wand of acid (8)
Scrolls
 e - 8 scrolls of teleportation
 f - 2 scrolls of fog
 j - 5 scrolls of remove curse
 m - a scroll of fear
 q - 2 scrolls of magic mapping
 A - 2 scrolls of enchant armour {unknown}
 D - 2 scrolls of enchant weapon {unknown}
 E - 3 scrolls of blinking {unknown}
 I - a scroll of vulnerability {unknown}
Potions
 d - 2 potions of might
 g - 2 potions of haste
 o - 2 potions of brilliance
 r - 4 potions of flight
 s - a potion of ambrosia
 u - 2 potions of lignification
 x - 2 potions of resistance
 C - 4 potions of curing
 F - a potion of berserk rage
 H - a potion of cancellation {unknown}


   Skills:
 + Level 10.2 Fighting
 - Level 14.0 Axes
 + Level 10.5 Armour
 + Level 1.6 Dodging
 - Level 0.1 Stealth
 + Level 9.2 Shields
 + Level 0.6 Spellcasting
 + Level 0.9 Conjurations
 + Level 1.0 Fire Magic


You had 10 spell levels left.
You knew the following spells:

 Your Spells              Type           Power        Failure   Level
a - Foxfire               Conj/Fire      8%           100%        1

Your spell library contained the following spells:

 Spells                   Type           Power        Failure   Level
 Animate Skeleton         Necr           0%           100%        1
 Apportation              Tloc           0%           100%        1
 Beastly Appendage        Tmut           0%           100%        1
 Corona                   Hex            0%           100%        1
 Pain                     Necr           0%           100%        1
 Shock                    Conj/Air       4%           100%        1
 Summon Small Mammal      Summ           0%           100%        1
 Swiftness                Air            0%           100%        2
 Wereblood                Tmut           0%           100%        2
 Conjure Flame            Conj/Fire      2%           100%        3
 Inner Flame              Hex/Fire       1%           100%        3
 Spider Form              Tmut/Pois      0%           100%        3
 Static Discharge         Conj/Air       1%           100%        3
 Vampiric Draining        Necr           0%           100%        3
 Airstrike                Air            0%           100%        4
 Animate Dead             Necr           0%           100%        4
 Ice Form                 Ice/Tmut       0%           100%        4
 Sticky Flame             Conj/Fire      2%           100%        4
 Agony                    Necr           0%           100%        5
 Blade Hands              Tmut           0%           100%        5
 Fireball                 Conj/Fire      1%           100%        5
 Lightning Bolt           Conj/Air       0%           100%        5


Dungeon Overview and Level Annotations

Branches:
Dungeon (10/15)            Temple (1/1) D:4            Lair (0/6) D:9
    Orc (2/2) D:10            Elf (0/3) Orc:2

Altars:
Ashenzari
Cheibriados
Dithmenos
Elyvilon
Fedhas
Gozag
Hepliaklqana
Kikubaaqudgha
Makhleb
Nemelex Xobeh
Okawaru
Qazlal
Ru
Sif Muna
Trog
Uskayaw
Vehumet
Wu Jian
Xom
Yredelemnul
Zin
The Shining One
Beogh

Shops:
D:9 !?   D:10 [

Annotations:
Orc:1 2 transporters


Innate Abilities, Weirdness & Mutations

You are frail. (-10% HP)


Message History

The smoke demon gestures at you. Something smites you!
An orc warrior comes into view. It is wielding a +0 short sword.
The orc warrior is engulfed in a cloud of scalding steam.
The neqoxec gestures at you.
Strange energies course through your body.
You feel frail.
The orc warrior is engulfed in a cloud of scalding steam.
The orc warrior is engulfed in a cloud of scalding steam.
The neqoxec disappears in a puff of smoke!
The smoke demon gestures at you. Something smites you!
* * * LOW HITPOINT WARNING * * *
The smoke demon disappears in a puff of smoke!
The orc warrior no longer looks unusually strong.
The orc sorcerer no longer looks unusually strong.
The orc sorcerer gestures at you while chanting.
The bolt of fire hits you!!
You die...
Your body glows slightly and disappears.

#......................o######o..
#.......................# #...o
##........... #.......o#.# #.....
##...........#.......#####...>..
###..........#.........# #......
##.........#............# ##.####
.......#.........oh......# ##
#......#..........#........
.......#........@#.#.......#
.....####...........###....###
.....## #..........##........##
#.....###..........#..........###
#.......#.....#................8.
##............##.......#.........
#...........###.......##....o..3
###.......#####..................
.#.........#.#.................8.


You could see a warg, an orc sorcerer and an orc warrior.

Vanquished Creatures
  A boulder beetle (D:8)
  An orc high priest (Orc:1)
  2 orc knights
  Maggie (D:7)
  A komodo dragon (D:9)
  3 trolls
  Menkaure (D:7)
  2 wargs
  Duvessa (D:7)
  A water moccasin (D:10)
  2 swamp drakes
  15 orc warriors
  5 sky beasts
  2 ice beasts (D:9)
  8 ogres
  2 phantoms
  A centaur (D:10)
  A bullfrog (D:8)
  2 big kobolds (D:8)
  Blork the orc (Orc:1)
  Dowan (D:7)
  3 gnoll sergeants (D:7)
  A wyvern zombie (D:8)
  3 scorpions
  17 killer bees
  A bullfrog zombie (D:5)
  2 howler monkeys (D:10)
  4 hounds
  3 jellies
  A bullfrog skeleton (D:7)
  3 gnoll shamans (D:7)
  9 orc priests
  17 orc wizards
  8 worker ants
  2 iguanas
  2 hound zombies
  3 worker ant zombies
  23 gnolls
  A howler monkey zombie (D:10)
  12 adders
  A river rat (D:8)
  A shadow imp (D:8)
  An adder skeleton (D:10)
  3 worms
  2 dart slugs
  6 leopard geckos
  72 orcs
  3 ball pythons
  8 giant cockroaches
  4 hobgoblins
  13 jackals
  7 quokkas
  6 bats
  6 frilled lizards
  7 goblins
  A jackal zombie (D:7)
  16 kobolds
  A leopard gecko skeleton (D:6)
  A leopard gecko zombie (D:8)
  9 rats
337 creatures vanquished.

Vanquished Creatures (collateral kills)
  A stone giant (Orc:2)
  A gargoyle (D:10)
  A scorpion (D:6)
  An orc wizard (D:6)
  An orc (D:6)
5 creatures vanquished.

Vanquished Creatures (others)
  3 orc wizards
  14 plants (D:9)
17 creatures vanquished.

Grand Total: 359 creatures vanquished

Notes
Turn   | Place    | Note
-------+----------+-------------------------------------------
     0 | D:1      | Almogavar the Hill Orc Fighter began the quest for the Orb.
     0 | D:1      | Reached XP level 1. HP: 19/19 MP: 1/1
   229 | D:1      | Reached XP level 2. HP: 25/27 MP: 2/2
   764 | D:2      | Reached skill level 3 in Axes
   907 | D:2      | Reached XP level 3. HP: 28/33 MP: 3/3
  1538 | D:2      | Reached XP level 4. HP: 40/40 MP: 4/4
  1614 | D:2      | Reached skill level 4 in Axes
  2059 | D:3      | Found a stormy altar of Qazlal.
  2122 | D:3      | You fall into a shaft and drop 2 floors!
  2122 | D:5      | Entered Level 5 of the Dungeon
  2224 | D:5      | Reached XP level 5. HP: 20/47 MP: 5/5
  2433 | D:5      | Found a white marble altar of Elyvilon.
  2470 | D:4      | Got a faintly humming plate armour
  2481 | D:4      | Identified the +4 plate armour of Makhleb's Hope {+Fly
                  | rElec Str-5 Int+3} (You found it on level 4 of the Dungeon)
  2502 | D:4      | Noticed an ogre
  2507 | D:4      | Killed an ogre
  2508 | D:4      | Reached skill level 5 in Axes
  2508 | D:4      | Reached XP level 6. HP: 30/53 MP: 6/6
  2811 | D:4      | Reached skill level 6 in Axes
  3010 | D:3      | Found a faded altar of an unknown god.
  3239 | D:3      | Found a shimmering altar of Xom.
  3556 | D:4      | Found a staircase to the Ecumenical Temple.
  3591 | Temple   | Entered the Ecumenical Temple
  3803 | Temple   | Became a worshipper of Nemelex Xobeh the Trickster
  4007 | D:4      | Reached XP level 7. HP: 60/60 MP: 7/7
  4084 | D:4      | Learned a level 1 spell: Foxfire
  4184 | D:4      | Reached skill level 7 in Axes
  4281 | D:4      | Reached skill level 5 in Fighting
  4311 | D:4      | Reached skill level 5 in Armour
  4617 | D:5      | Found an opulent altar of Gozag.
  4766 | D:5      | Found a burning altar of Makhleb.
  4799 | D:5      | Found a shadowy altar of Dithmenos.
  4872 | D:5      | Reached * piety under Nemelex Xobeh
  4879 | D:5      | Reached skill level 8 in Axes
  4906 | D:5      | Reached XP level 8. HP: 65/69 MP: 8/8
  5110 | D:5      | Received a gift from Nemelex Xobeh
  5632 | D:6      | Reached skill level 9 in Axes
  5644 | D:6      | Reached skill level 5 in Shields
  5956 | D:6      | Reached ** piety under Nemelex Xobeh
  6000 | D:6      | Reached skill level 10 in Axes
  6680 | D:7      | Noticed Menkaure
  6686 | D:7      | Killed Menkaure
  6687 | D:7      | Reached XP level 9. HP: 77/77 MP: 9/9
  6888 | D:7      | Reached skill level 1 in Dodging
  6894 | D:7      | Reached skill level 11 in Axes
  7042 | D:7      | Noticed Maggie
  7061 | D:7      | Killed Maggie
  7134 | D:7      | Noticed Dowan
  7135 | D:7      | Noticed Duvessa
  7153 | D:7      | Killed Duvessa
  7153 | D:7      | Killed Dowan
  7353 | D:7      | Reached skill level 12 in Axes
  7445 | D:7      | Received a gift from Nemelex Xobeh
  7734 | D:8      | Found an iron altar of Okawaru.
  7767 | D:8      | Reached XP level 10. HP: 74/86 MP: 10/10
  7948 | D:8      | Noticed a boulder beetle
  7997 | D:8      | Killed a boulder beetle
  7998 | D:8      | Reached skill level 13 in Axes
  8311 | D:8      | Received a gift from Nemelex Xobeh
  8314 | D:8      | Found a snail-covered altar of Cheibriados.
  8340 | D:8      | Reached *** piety under Nemelex Xobeh
  8540 | D:8      | Found a roughly hewn altar of Beogh.
  9109 | D:9      | Found a staircase to the Lair.
  9227 | D:9      | Found Ysebusae's Magic Scroll Shop.
  9243 | D:9      | Found Raddoror's Distillery.
  9270 | D:9      | Bought a potion of curing for 39 gold pieces
  9824 | D:10     | Entered Level 10 of the Dungeon
  9914 | D:10     | Reached skill level 14 in Axes
 10177 | D:10     | Reached **** piety under Nemelex Xobeh
 10181 | D:10     | Noticed a gargoyle
 10192 | D:10     | Killed a gargoyle
 10193 | D:10     | Reached XP level 11. HP: 83/97 MP: 11/11
 10350 | D:10     | Received a gift from Nemelex Xobeh
 10406 | D:10     | Found Guitaory's Armour Shoppe.
 10693 | D:10     | Found a staircase to the Orcish Mines.
 11250 | Orc:1    | Entered Level 1 of the Orcish Mines
 11250 | Orc:1    | Noticed an orc knight
 11351 | Orc:1    | Killed an orc knight
 11810 | Orc:1    | Received a gift from Nemelex Xobeh
 11987 | Orc:1    | Found a transporter.
 11989 | Orc:1    | Noticed a moth of wrath
 11990 | Orc:1    | Noticed a moth of wrath
 11998 | Orc:1    | Found a transporter.
 12089 | Orc:2    | Entered Level 2 of the Orcish Mines
 12096 | Orc:2    | Found a roughly hewn altar of Beogh.
 12359 | Orc:2    | Noticed an orc high priest
 12361 | Orc:2    | Noticed Blork the orc
 12364 | Orc:2    | Noticed a soul eater
 12518 | Orc:1    | Killed an orc high priest
 12519 | Orc:1    | Reached skill level 1 in Fire Magic
 12622 | Orc:1    | Killed Blork the orc
 12971 | Orc:2    | Received a gift from Nemelex Xobeh
 13062 | Orc:2    | Noticed a stone giant
 13066 | Orc:2    | HP: 3/99 [stone giant/large rock (43)]
 13079 | Orc:2    | Killed a stone giant
 13080 | Orc:2    | Reached skill level 10 in Fighting
 13080 | Orc:2    | Reached skill level 10 in Armour
 13544 | Orc:2    | Noticed an orc knight
 13567 | Orc:2    | Killed an orc knight
 13578 | Orc:2    | Noticed an orc sorcerer
 13582 | Orc:2    | Noticed an orc knight
 13586 | Orc:2    | Found a staircase to the Elven Halls.
 13588 | Orc:2    | Gained mutation: You are frail. (-10% HP) [a neqoxec]
 13609 | Orc:2    | Killed from afar by an orc sorcerer

Illustrated notes

Levels and vault maps discovered:
D:1:      onia_arrival_mini_spirals, layout_loops_ring, roderic_roman_lattice
D:2:      layout_loops_corners
D:3:      minmay_evil_eye, layout_loops_corners, nicolae_overflow_hidden_temple,
          chequers_ecumenical_altar_simple, grunt_qazlal_clouds
D:4:      layout_loops_ring, minmay_temple_entry_large_hall
D:5:      layout_cave_pods, grunt_gozag_breadcrumbs, minitemple, basic_altar,
          hangedman_decor_opposing
D:6:      layout_basic, minivault_19
D:7:      layout_cave_pools, serial_gnoll_camp, gnoll_camp_mini_basic,
          gnoll_camp_huts_basic, gnoll_camp_mini_loothouse,
          gnoll_camp_medium_02, uniq_duvessa, uniq_menkaure, uniq_maggie
D:8:      layout_cave_pods, cheibriados_altar_1, marbit_many_paths, special_room
          [special_room_orc], serial_co_window_serial, co_window_paths_a,
          co_window_cross_1, co_window_corner_a, co_window_paths_a,
          co_window_of_opportunity_a, co_window_paths_a, co_window_2corner,
          co_window_unsneaky_path_c, co_window_paths_c, co_window_broadway_a,
          glass_columns_b, glass_columns_a, glass_columns_a, glass_columns_c
D:9:      layout_cave_pools, david_lair_shrubbed, serial_shops, shop, shop
D:10:     lemuel_ice_spiral_2, layout_irregular_city, erik_orc_1, serial_shops,
          shop
Temple:   nicolae_temple_elliptical
Orc:1:    emtedronai_trogs_sanctum, layout_caves, basic_altar
Orc:2:    grunt_orc_cross, layout_diamond_mine, serial_shops, shop, basic_altar

Skill      XL: |  1  2  3  4  5  6  7  8  9 10 11 |
---------------+----------------------------------+-----
Fighting       | 4 5 6 7 9 10 | 10.2
Axes           | 3 4 5 6 8 10 12 14 | 14.0
Armour         | 4 5 6 7 8 10 | 10.5
Shields        | 4 5 6 7 9 |  9.2
Dodging        | 1 |  1.6
Fire Magic     | 1 |  1.0
Stealth        | |  0.1
Spellcasting   | |  0.6
Conjurations   | |  0.9

Action                   |  1- 3 |  4- 6 |  7- 9 | 10-12 || total
-------------------------+-------+-------+-------+-------++-------
Melee: War axe           |    73 |   125 |   344 |   445 ||   987
Invok: Draw Destruction  |       |       |     1 |     4 ||     5
       Draw Summoning    |       |       |     1 |     2 ||     3
       Draw Escape       |       |       |       |     1 ||     1
  Use: Scroll            |     1 |     2 |    13 |       ||    16
       Potion            |       |       |       |     1 ||     1
 Stab: Distracted        |       |       |       |     1 ||     1
       Confused          |       |       |       |     1 ||     1
Armor: Scale mail        |    29 |    25 |       |       ||    54
       Plate armour      |       |    60 |   223 |   208 ||   491
Dodge: Dodged            |    29 |    22 |    39 |    60 ||   150
Block: Kite shield       |    35 |    60 |   116 |   186 ||   397
